 Dungeon Crawl Stone Soup version bcrawl-1.21.2-28-g2cb1824106 (webtiles) character file.

Game seed: 7563311256239842479

102 MisterOstroum the Sneak (level 4, -9/33 HPs)
             Began as a Vampire Necromancer on Mar 9, 2020.
             Mangled by a gnoll
             ... wielding a +0 halberd
              (15 damage)
             ... on level 3 of the Dungeon.
             The game lasted 00:04:13 (3456 turns).

MisterOstroum the Sneak (Vampire Necromancer)       Turns: 3456, Time: 00:04:14

Health: -9/33      AC:  3    Str: 11    XL:     4   Next: 50%
Magic:  1/7        EV: 12    Int: 16    God:
Gold:   172        SH:  0    Dex: 13    Spells: 5/7 levels left

rFire    . . .     SeeInvis +   a - +1 dagger
rCold    . . .     Gourm    .   (no shield)
rNeg     + . .     Faith    .   u - +0 leather armour
rPois    .         Spirit   .   (no helmet)
rElec    .         Reflect  .   (no cloak)
rCorr    .         Harm     .   (no gloves)
MR       .....                  (no boots)
Stlth    ++++......             (no amulet)
HPRegen  0.11/turn              (no ring)
MPRegen  0.10/turn              (no ring)

@: very slightly contaminated
A: claws 1, fangs 3, see invisible, unbreathing
a: no special abilities


You were on level 3 of the Dungeon.
You were not thirsty.

You visited 1 branch of the dungeon, and saw 3 of its levels.

You collected 172 gold pieces.

Inventory:

Hand Weapons
 a - a +1 dagger (weapon)
Missiles
 d - 233 sling bullets
 h - 624 stones (quivered)
 k - 188 tomahawks
 o - 282 arrows
 r - 54 javelins
Armour
 b - a +0 robe
 u - a +0 leather armour (worn)
Jewellery
 n - a +3 amulet of reflection {unknown}
Wands
 p - a wand of acid (8)
Scrolls
 e - 5 scrolls of identify {unknown}
 g - a scroll of magic mapping {unknown}
 m - a scroll of remove curse {unknown}
 s - a scroll of amnesia {unknown}
 v - 2 scrolls of teleportation {unknown}
Potions
 c - a potion of flight {unknown}
 f - a potion of heal wounds {unknown}
 i - 2 potions of might {unknown}
 j - 2 potions of brilliance {unknown}
 l - 4 potions of cancellation {unknown}
 q - 10 potions of blood
 t - a potion of magic {unknown}
 w - a potion of agility {unknown}


   Skills:
 + Level 2.2 Fighting
 + Level 2.5 Dodging
 - Level 5.0 Stealth
 - Level 2.0 Spellcasting
 + Level 4.9 Necromancy


You had 5 spell levels left.
You knew the following spells:

 Your Spells              Type           Power        Failure   Level  Hunger
a - Pain                  Necr           ###...       3%          1    #......
b - Animate Skeleton      Necr           N/A          3%          1    #......

Your spell library contained the following spells:

 Spells                   Type           Power        Failure   Level  Hunger
 Vampiric Draining        Necr           ###.......   11%         3    ###....
 Regeneration             Chrm/Necr      #.........   30%         3    ###....
 Animate Dead             Necr           N/A          34%         4    #####..
 Bolt of Draining         Conj/Necr      #.........   95%         5    ######.


Dungeon Overview and Level Annotations

Branches:
Dungeon (3/12)

Altars:
Vehumet
The Shining One


Innate Abilities, Weirdness & Mutations

You have sharp fingernails.
You have razor-sharp teeth.
You have supernaturally acute eyesight. (SInv)
You can survive without breathing.


Message History

Aiming: Pain (safe; 3% risk of failure)
Press: ? - help, Shift-Dir - straight line, f/p - gnoll
Aim: a gnoll, wielding a +0 halberd (moderately wounded, chance to defeat MR: 82%)
The gnoll writhes in agony.
The gnoll hits you from afar with a +0 halberd!
Casting: Pain (safe; 3% risk of failure)
Confirm with . or Enter, or press ? or * to list all spells.
Aiming: Pain (safe; 3% risk of failure)
Press: ? - help, Shift-Dir - straight line, f/p - gnoll
Aim: a gnoll, wielding a +0 halberd (severely wounded, chance to defeat MR: 82%)
The gnoll barely resists.
The gnoll closely misses you. The gnoll misses you.
Press: ? - help, v - describe, . - travel
Here: a gnoll, wielding a +0 halberd The floor.
Unknown command.
Casting: Pain (safe; 3% risk of failure)
Confirm with . or Enter, or press ? or * to list all spells.
Aiming: Pain (safe; 3% risk of failure)
Press: ? - help, Shift-Dir - straight line, f/p - gnoll
Aim: a gnoll, wielding a +0 halberd (moderately wounded, chance to defeat MR: 82%)
The gnoll barely resists.
The gnoll hits you from afar with a +0 halberd.
Unknown command.
Casting: Pain (safe; 3% risk of failure)
Confirm with . or Enter, or press ? or * to list all spells.
Aiming: Pain (safe; 3% risk of failure)
Press: ? - help, Shift-Dir - straight line, f - gnoll
Aim: a gnoll, wielding a +0 halberd (chance to defeat MR: 82%)
The gnoll writhes in agony.
The gnoll misses you.
Casting: Pain (safe; 3% risk of failure)
Confirm with . or Enter, or press ? or * to list all spells.
Aiming: Pain (safe; 3% risk of failure)
Press: ? - help, Shift-Dir - straight line, f/p - gnoll
Aim: a gnoll, wielding a +0 halberd (lightly wounded, chance to defeat MR: 82%)
The gnoll writhes in agony.
A jackal comes into view. 2 jackals come into view.
Found a large agate ring.
The jackal barks!
Casting: Pain (safe; 3% risk of failure)
Confirm with . or Enter, or press ? or * to list all spells.
Aiming: Pain (safe; 3% risk of failure)
Press: ? - help, Shift-Dir - straight line, f/p - gnoll
Aim: a gnoll, wielding a +0 halberd (heavily wounded, chance to defeat MR: 82%)
The gnoll writhes in agony!
You kill the gnoll!
The jackal barks! x2
The jackal stops to sniff the ground.
Found a large granite ring.
The jackal closely misses you. x3
Casting: Pain (safe; 3% risk of failure)
Confirm with . or Enter, or press ? or * to list all spells.
Aiming: Pain (safe; 3% risk of failure)
Press: ? - help, Shift-Dir - straight line, f - jackal
Aim: a jackal (chance to defeat MR: 87%)
The jackal writhes in agony.
The jackal misses you. The jackal closely misses you.
The jackal bites you but does no damage.
Casting: Pain (safe; 3% risk of failure)
Confirm with . or Enter, or press ? or * to list all spells.
Aiming: Pain (safe; 3% risk of failure)
Press: ? - help, Shift-Dir - straight line, f/p - jackal
Aim: a jackal (heavily wounded, chance to defeat MR: 87%)
The jackal writhes in agony.
You kill the jackal!
Casting: Pain (safe; 3% risk of failure)
Confirm with . or Enter, or press ? or * to list all spells.
Aiming: Pain (safe; 3% risk of failure)
Press: ? - help, Shift-Dir - straight line, f - jackal
Aim: a jackal (chance to defeat MR: 87%)
The jackal barely resists.
The jackal bites you.
The jackal bites you but does no damage.
The jackal barely misses you.
Casting: Pain (safe; 3% risk of failure)
Confirm with . or Enter, or press ? or * to list all spells.
Aiming: Pain (safe; 3% risk of failure)
Press: ? - help, Shift-Dir - straight line, f/p - jackal
Aim: a jackal (chance to defeat MR: 87%)
The jackal writhes in agony.
You kill the jackal!
Casting: Pain (safe; 3% risk of failure)
Confirm with . or Enter, or press ? or * to list all spells.
Aiming: Pain (safe; 3% risk of failure)
Press: ? - help, Shift-Dir - straight line, f - gnoll
Aim: a gnoll, wielding a +0 halberd (moderately wounded, chance to defeat MR: 82%)
You miscast Pain.
You are very lightly contaminated with residual magic.
Nothing appears to happen.
The gnoll hits you from afar with a +0 halberd!
* * * LOW HITPOINT WARNING * * *
Casting: Pain (safe; 3% risk of failure)
Confirm with . or Enter, or press ? or * to list all spells.
Aiming: Pain (safe; 3% risk of failure)
Press: ? - help, Shift-Dir - straight line, f/p - gnoll
Aim: a gnoll, wielding a +0 halberd (moderately wounded, chance to defeat MR: 82%)
The gnoll writhes in agony.
The gnoll hits you from afar with a +0 halberd!
You die...

#..# #g####
g.## #....#
.## ####.# ##
#.# #h# #g#
### #.## ..#
###g.# ..#
#@h..# ..##
###+.# ....
#..# ..#
...### ..#
##...# ..#
#####.#####
..# ###
#.........#
### #.#
#.........#
#########.#
#..<......####


You could see a gnoll and a jackal.

Vanquished Creatures
  2 gnolls (D:3)
  An adder (D:3)
  2 oozes (D:1)
  A dart slug (D:1)
  2 leopard geckos (D:1)
  2 orcs (D:2)
  A ball python (D:2)
  6 bats
  5 giant cockroaches
  4 goblins
  12 hobgoblins
  4 jackals (D:3)
  5 kobolds
  5 frilled lizards
  4 rats
56 creatures vanquished.

Notes
Turn   | Place    | Note
-------+----------+-------------------------------------------
     0 | D:1      | MisterOstroum the Vampire Necromancer began the quest for
                  | the Orb.
     0 | D:1      | Reached XP level 1. HP: 13/13 MP: 3/3
   690 | D:1      | Reached XP level 2. HP: 20/20 MP: 5/5
   709 | D:1      | Reached skill level 4 in Stealth
   712 | D:1      | Reached skill level 1 in Fighting
  1086 | D:1      | Reached XP level 3. HP: 26/26 MP: 6/6
  2630 | D:2      | Reached skill level 5 in Stealth
  2806 | D:2      | Found a glowing golden altar of the Shining One.
  3018 | D:3      | Reached XP level 4. HP: 33/33 MP: 5/7
  3075 | D:3      | Found a radiant altar of Vehumet.
  3456 | D:3      | Mangled by a gnoll

Skill      XL: |  1  2  3 |
---------------+----------+-----
Stealth        | 4 5 |  5.0
Fighting       | 1 2 |  2.2
Dodging        | |  2.5
Spellcasting   | |  2.0
Necromancy     | |  4.9

Action                   |  1- 3 |  4- 6 || total
-------------------------+-------+-------++-------
Melee: Dagger            |    28 |     2 ||    30
       Bite              |     2 |       ||     2
Throw: Stone             |     4 |     1 ||     5
 Cast: Pain              |    72 |    27 ||    99
  Use: Potion            |    10 |       ||    10
 Stab: Sleeping          |     6 |       ||     6
Armor: Robe              |    12 |       ||    12
       Leather armour    |       |     2 ||     2
Dodge: Dodged            |    25 |    18 ||    43
